 Dungeon Crawl Stone Soup version 0.17.1-3-g152610e (webtiles) character file.

53457 MenacingMecha the Basher (level 14, -1/111 HPs)
             Began as a Mummy Berserker on Feb 22, 2016.
             Was a High Priest of Trog.
             Slain by Starve's ghost (10 damage)
             ... on level 4 of the Orcish Mines.
             The game lasted 02:04:18 (27715 turns).

MenacingMecha the Basher (Mummy Berserker)         Turns: 27715, Time: 02:04:19

Health: -1/111     AC: 21    Str: 20    XL:     14   Next: 30%
Magic:  0/5        EV: 13    Int:  6    God:    Trog [*****.]
Gold:   1071       SH:  6    Dex: 17    Spells: 0 memorised, 13 levels left

rFire  x . .     SeeInvis .     C - +3 eveningstar (antimagic)
rCold  + . .     Clarity  .     v - +2 chain mail {rPois}
rNeg   + + +     SustAt   +     s - +0 buckler
rPois  ∞         Gourm    .     (no helmet)
rElec  .         Spirit   +     m - +0 cloak
rCorr  .         Warding  .     E - +1 pair of gloves
rMut   .         Stasis   .     c - +1 pair of boots
MR     +++..                    f - amulet of guardian spirit
Stlth  ..........               b - ring of sustain attributes
                                n - +2 ring of protection

@: regenerating, extremely resistant to hostile enchantments, extremely
unstealthy
A: no food or potions, fire vulnerability, cold resistance 1, negative energy
resistance 3, torment resistance, unbreathing, in touch with death 1, restore
body
a: Self-Restoration, Trog's Hand, Brothers in Arms, Burn Spellbooks, Renounce
Religion


You were on level 4 of the Orcish Mines.
You worshipped Trog.
Trog was extremely pleased with you.
You were not hungry.

You visited 3 branches of the dungeon, and saw 21 of its levels.

You collected 1799 gold pieces.
You spent 728 gold pieces at shops.

Inventory:

Hand Weapons
 h - a +3 whip of electrocution
 q - a +3 demon whip of draining
 r - a +0 blowgun
 C - a +3 antimagic eveningstar (weapon)
 G - a +1 morningstar of crushing
Missiles
 i - 18 tomahawks (quivered)
 o - 4 curare-tipped needles
 p - 68 poisoned needles
 x - 2 silver tomahawks
 B - 2 poisoned javelins
Armour
 c - a +1 pair of boots (worn)
 m - a +0 cloak (worn)
 s - a +0 buckler (worn)
 v - a +2 chain mail of poison resistance (worn)
 E - a +1 pair of gloves (worn)
Jewellery
 b - a ring of sustain attributes (right hand)
 f - an amulet of guardian spirit (around neck)
 n - a +2 ring of protection (left hand)
Wands
 a - a wand of paralysis (7)
 j - a wand of confusion (24)
 l - a wand of draining (8)
 z - a wand of fire (4)
 D - a wand of digging (9)
Scrolls
 d - 6 scrolls of remove curse
 e - 8 scrolls of identify
 g - 2 scrolls of recharging
 k - 3 scrolls of teleportation
 u - 2 scrolls of fog
 A - a scroll of magic mapping
 F - a scroll of blinking
Miscellaneous
 t - a stone of tremors
 w - a phial of floods


   Skills:
 + Level 10.6 Fighting
 - Level 12.0 Maces & Flails
 - Level 5.2 Throwing
 + Level 8.5 Armour
 + Level 8.8 Dodging
 * Level 7.1 Shields
 - Level 5.3 Evocations


You had 13 spell levels left.
You didn't know any spells.

Dungeon Overview and Level Annotations

Branches:
Dungeon (13/15)            Temple (0/1) D:5            Lair (4/8) D:10
  Snake (0/4) Lair:4          Orc (4/4) D:12            Elf (0/3) Orc:4
  Swamp: Lair:3-6    Shoals: Lair:3-6    Vaults: D:13-14

Altars:
Ashenzari
Cheibriados
Dithmenos
Elyvilon
Fedhas
Nemelex Xobeh
Okawaru
Ru
Sif Muna
Trog
Yredelemnul
Zin
The Shining One
Beogh

Shops:
D:6 *   Orc:3 ?

Annotations:
D:2 moth of wrath(behind iron gates)
D:13 incomplete (spellcasters)
Lair:1 queen bee, lot's of bees
Lair:2 stash
Lair:3 exclusion: 3 oklob plants
Orc:4 Starve's ghost, journeyman MfGl


Innate Abilities, Weirdness & Mutations

You do not eat or drink.
Your flesh is vulnerable to fire.
You are immune to poison.
Your flesh is cold resistant.
You are immune to negative energy.
You are immune to unholy pain and torment.
You can survive without breathing.
You are in touch with the powers of death.
You can restore your body by infusing magical energy.


Message History

Starve's ghost hits you but does no damage.
You miss Starve's ghost.
Starve's ghost is almost destroyed.
Starve's ghost hits you but does no damage.
Your ogre barely misses Starve's ghost.
You hit Starve's ghost but do no damage.
Starve's ghost is almost destroyed.
Starve's ghost hits you!
* * * LOW HITPOINT WARNING * * *
You hit Starve's ghost but do no damage.
Starve's ghost is almost destroyed.
Your ogre disappears in a puff of smoke!
You block Starve's ghost's attack.
You hit Starve's ghost but do no damage.
Starve's ghost is almost destroyed.
You block Starve's ghost's attack.
You puncture Starve's ghost!
Starve's ghost is almost destroyed.
Starve's ghost hits you!
You die...

#.#...............[.......#...
###................)...$..#...
##.......................#..
############...............
#.......#.........
#..†)........#.....
#.......))....#....
#.[)[..).))[...#..
#.).@W§........#
#[................
o.o....................#


ooo..................... o....................... #.#.#.#.....$...........
o.....#............... .....##........... ...## #........ You could see Starve's
ghost.

Vanquished Creatures
  Erica (D:8)
  2 centaur warriors (D:13)
  2 tengu warriors (D:13)
  2 unseen horrors
  5 hill giants
  2 ugly things
  A griffon (D:10)
  A black mamba (Lair:3)
  3 cyclopes
  A gargoyle (D:13)
  14 elephants
  5 spiny frogs
  A kobold demonologist (D:13)
  6 komodo dragons
  A queen bee (Lair:1)
  6 trolls
  23 blink frogs
  A centaur simulacrum (D:13)
  A deep elf mage (D:11)
  A shadow (D:12)
  2 wyverns (D:9)
  A vampire mosquito (D:13)
  39 yaks
  Eustachio (D:4)
  10 hippogriffs
  The ghost of urm the Gusty, an amateur FeAE (D:6)
  A deep elf fighter (D:9)
  A basilisk (Lair:1)
  A human (D:7)
  3 wargs
  A soldier ant (D:11)
  A hungry ghost (D:13)
  A mottled dragon (D:13)
  2 nagas (Lair:4)
  4 wolves (Lair:1)
  10 water moccasins
  A swamp drake (Lair:3)
  Duvessa (D:4)
  8 porcupines
  A black bear (Lair:3)
  7 ice beasts
  3 phantoms
  11 ogres
  25 orc warriors
  9 centaurs
  3 sky beasts
  A wasp (D:12)
  4 necrophages
  9 crocodiles
  5 big kobolds
  19 giant frogs
  A gnoll sergeant (D:6)
  Dowan (D:4)
  3 scorpions
  2 water moccasin skeletons
  52 killer bees
  3 electric eels (D:13)
  7 wights
  2 centaur zombies
  A giant frog zombie (D:11)
  35 orc priests
  3 hounds
  11 crimson imps
  The ghost of MenacingMecha the Scratcher, a weakling FeMo (D:3)
  A jelly (D:12)
  26 orc wizards
  A gnoll shaman (D:5)
  4 centaur skeletons
  3 giant frog skeletons
  18 iguanas
  20 worker ants
  17 sheep
  A hound skeleton (D:10)
  8 gnolls
  A worker ant zombie (D:5)
  10 adders
  A shadow imp (D:9)
  14 river rats
  An ooze (D:3)
  An adder skeleton (D:5)
  3 worms
  9 giant geckos
  192 orcs
  5 bats
  10 giant cockroaches
  5 goblins
  11 hobgoblins
  19 jackals
  5 quokkas
  2 ball pythons
  8 giant newts
  29 kobolds
  A quokka zombie (D:6)
  14 rats
  2 plants
829 creatures vanquished.

Vanquished Creatures (collateral kills)
  Rupert (Lair:4)
  An orc warlord (Orc:2)
  A hill giant (D:10)
  A manticore (D:11)
  2 orc warriors
  A big kobold (D:11)
  An orc priest (D:9)
  An adder (D:9)
  10 orcs
  3 kobolds (D:11)
22 creatures vanquished.

Vanquished Creatures (others)
  An orc wizard (D:13)
  A fungus (Lair:1)
  A plant (Lair:3)
3 creatures vanquished.

Grand Total: 854 creatures vanquished

Notes
Turn   | Place    | Note
--------------------------------------------------------------
     0 | D:1      | MenacingMecha the Mummy Berserker began the quest for the Orb.
     0 | D:1      | Reached XP level 1. HP: 18/18 MP: 1/1
   225 | D:1      | Reached XP level 2. HP: 22/24 MP: 0/2
  1001 | D:2      | Found a shadowy altar of Dithmenos.
  1241 | D:2      | Reached XP level 3. HP: 16/29 MP: 1/3
  1475 | D:2      | Reached ** piety under Trog
  1477 | D:2      | Reached skill level 4 in Maces & Flails
  1477 | D:2      | Reached XP level 4. HP: 7/35 MP: 1/4
  1796 | D:2      | Noticed a moth of wrath
  1802 | D:2      | Found a bloodstained altar of Trog.
  2528 | D:2      | Found a sacrificial altar of Ru.
  2713 | D:3      | Reached XP level 5. HP: 28/41 MP: 3/5
  2757 | D:3      | Reached *** piety under Trog
  2858 | D:3      | Found a white marble altar of Elyvilon.
  2927 | D:3      | Reached skill level 5 in Maces & Flails
  3175 | D:3      | Noticed MenacingMecha's ghost (weakling FeMo)
  3513 | D:4      | Found a basalt altar of Yredelemnul.
  3565 | D:4      | Found a snail-covered altar of Cheibriados.
  3665 | D:4      | Noticed Dowan
  3669 | D:4      | Noticed Duvessa
  3670 | D:4      | Noticed Eustachio
  3678 | D:4      | Killed Duvessa
  3678 | D:4      | Reached XP level 6. HP: 43/47 MP: 6/6
  3691 | D:4      | Killed Eustachio
  3691 | D:4      | Reached skill level 6 in Maces & Flails
  3696 | D:4      | Killed Dowan
  3696 | D:4      | Reached XP level 7. HP: 36/52 MP: 4/7
  3958 | D:4      | Found a shattered altar of Ashenzari.
  4058 | D:4      | Noticed a phantom
  4091 | D:4      | Killed a phantom
  4091 | D:4      | Reached skill level 7 in Maces & Flails
  4541 | D:5      | Entered Level 5 of the Dungeon
  4608 | D:3      | Killed MenacingMecha's ghost
  5207 | D:5      | Found a staircase to the Ecumenical Temple.
  5210 | D:5      | Reached **** piety under Trog
  5445 | D:5      | Reached skill level 8 in Maces & Flails
  5454 | D:5      | Reached XP level 8. HP: 53/58 MP: 8/8
  5946 | D:5      | Reached skill level 9 in Maces & Flails
  6170 | D:5      | Found a sparkling altar of Nemelex Xobeh.
  6283 | D:6      | Noticed urm's ghost (amateur FeAE)
  6288 | D:6      | Killed urm's ghost
  6577 | D:6      | Reached skill level 10 in Maces & Flails
  6642 | D:6      | Reached XP level 9. HP: 63/63 MP: 9/9
  6712 | D:6      | Found a glowing golden altar of the Shining One.
  7299 | D:6      | Reached skill level 11 in Maces & Flails
  7497 | D:6      | Found Xerit's Assorted Antiques.
  7867 | D:7      | Found a deep blue altar of Sif Muna.
  9179 | D:8      | Reached skill level 12 in Maces & Flails
  9269 | D:8      | Reached XP level 10. HP: 68/70 MP: 8/10
  9337 | D:8      | Reached skill level 1 in Shields
  9411 | D:8      | Found a glowing silver altar of Zin.
  9533 | D:8      | Noticed Erica
  9571 | D:8      | Killed Erica
  9662 | D:8      | Found an iron altar of Okawaru.
 10030 | D:9      | Found a blossoming altar of Fedhas.
 10364 | D:9      | Noticed a hill giant
 10372 | D:9      | Killed a hill giant
 10395 | D:9      | Reached skill level 5 in Fighting
 10740 | D:10     | Entered Level 10 of the Dungeon
 10863 | D:10     | Noticed a hill giant
 10882 | D:10     | Killed a hill giant
 11165 | D:10     | Found a staircase to the Lair.
 11170 | D:10     | Noticed a griffon
 11192 | D:10     | Killed a griffon
 11381 | D:10     | Got a pitted trident
 11386 | D:10     | Identified the +1 trident of Cucoara {venom, rF+ rN+} (You found it on level 10 of the Dungeon)
 11553 | D:10     | Reached XP level 11. HP: 78/80 MP: 11/11
 12068 | Lair:1   | Entered Level 1 of the Lair of Beasts
 12388 | Lair:1   | Reached skill level 1 in Throwing
 12467 | Lair:1   | Reached skill level 5 in Dodging
 12632 | Lair:1   | Reached skill level 5 in Armour
 13105 | Lair:1   | Got a distressingly furry shield
 13120 | Lair:1   | Identified the +1 shield of Wuhewk {rC+ MP+9 Dex+8 Stlth-} (You found it on level 1 of the Lair of Beasts)
 13602 | Lair:2   | Reached ***** piety under Trog
 13639 | Lair:2   | Reached XP level 12. HP: 67/91 MP: 9/12
 15044 | D:11     | Received a gift from Trog
 15065 | D:11     | Found a runed door.
 15273 | D:11     | Found a runed door.
 15736 | D:11     | Reached skill level 5 in Shields
 16470 | D:12     | Found a roughly hewn altar of Beogh.
 16470 | D:12     | Found a staircase to the Orcish Mines.
 17679 | Orc:1    | Entered Level 1 of the Orcish Mines
 18099 | Orc:1    | Received a gift from Trog
 18242 | Orc:1    | Reached ****** piety under Trog
 18704 | Orc:2    | Received a gift from Trog
 18841 | Orc:2    | Found a roughly hewn altar of Beogh.
 19018 | Orc:3    | Noticed an orc warlord
 19314 | Orc:2    | Killed an orc warlord
 20134 | Orc:3    | Found Qysaxta's Magic Scroll Shoppe.
 20142 | Orc:3    | Bought a scroll of acquirement for 728 gold pieces
 20659 | Lair:1   | Gained mutation: You are in touch with the powers of death. [Mummy growth]
 20659 | Lair:1   | Gained mutation: You can restore your body by infusing magical energy. [Mummy growth]
 20659 | Lair:1   | Reached XP level 13. HP: 73/101 MP: 11/13
 20867 | Lair:1   | Received a gift from Trog
 21175 | Lair:1   | Reached skill level 5 in Throwing
 21731 | Lair:3   | Got a scorched leather armour
 21733 | Lair:3   | Identified the +2 leather armour "Exziv" {rC+ Int-4 SInv} (You found it on level 3 of the Lair of Beasts)
 21860 | Lair:3   | Reached skill level 1 in Evocations
 22281 | Lair:3   | Got a warped scale mail
 22292 | Lair:3   | Identified the +1 scale mail "Piodu" {*Corrode Str+4 Int+4} (You found it on level 3 of the Lair of Beasts)
 22341 | Lair:3   | Received a gift from Trog
 23292 | Lair:4   | Noticed Rupert
 23354 | Lair:4   | Killed Rupert
 23453 | Lair:4   | Found a staircase to the Snake Pit.
 24032 | Lair:4   | Reached skill level 10 in Fighting
 24803 | D:13     | Reached skill level 5 in Evocations
 25116 | D:13     | Received a gift from Trog
 25209 | D:13     | Reached XP level 14. HP: 103/111 MP: 17/17
 26008 | D:13     | Noticed an emperor scorpion
 26011 | D:13     | Noticed a storm dragon
 26011 | D:13     | an emperor scorpion changed into a storm dragon
 26012 | D:13     | a storm dragon changed into a six-headed hydra
 26020 | D:13     | Noticed a stone giant
 26683 | Orc:4    | Entered Level 4 of the Orcish Mines
 26710 | Orc:4    | Found a staircase to the Elven Halls.
 26972 | Orc:3    | Received a gift from Trog
 27512 | Orc:4    | Noticed Starve's ghost (journeyman MfGl)
 27715 | Orc:4    | Slain by Starve's ghost

Action                   |  1- 3 |  4- 6 |  7- 9 | 10-12 | 13-15 || total
-------------------------+-------+-------+-------+-------+-------++-------
Melee: Mace              |    91 |       |       |       |       ||    91
       Whip              |       |   171 |   523 |  1818 |    60 ||  2572
       Morningstar       |       |       |       |     3 |       ||     3
       Demon whip        |       |       |       |       |   935 ||   935
       Eveningstar       |       |       |       |       |    44 ||    44
 Fire: Blowgun           |       |       |       |     8 |    21 ||    29
Throw: Tomahawk          |       |       |     4 |    12 |    69 ||    85
       Javelin           |       |       |       |       |     2 ||     2
Invok: Burn Spellbooks   |       |       |     2 |       |       ||     2
       Trog's Hand       |       |       |     2 |     3 |     2 ||     7
       Brothers in Arms  |       |       |     1 |     8 |     3 ||    12
Evoke: Wand              |       |       |       |       |     4 ||     4
  Use: Scroll            |     3 |     1 |     1 |    17 |     8 ||    30
 Stab: Sleeping          |     1 |       |       |       |       ||     1
       Distracted        |       |       |       |     1 |       ||     1
